 Dungeon Crawl Stone Soup version 0.29-a0-676-ga64570c9d2 (webtiles) character file.

Game seed: 6771696220227681571

268 runemasterragnar the Poker (level 6, -1/51 HPs)
             Began as a Meteoran Wanderer on June 24, 2022.
             Killed by divine providence
             ... invoked by an orc priest
              (12 damage)
             ... on level 5 of the Dungeon.
             The game lasted 00:03:12 (467 turns).

runemasterragnar the Poker (Meteoran Wanderer)       Turns: 467, Time: 00:03:13

Health: -1/51      AC:  8    Str: 17    XL:     6   Next: 75%
Magic:  6/6        EV: 11    Int: 12    God:
Gold:   51         SH:  0    Dex: 14    Spells: 5/5 levels left

rFire   . . .      SeeInvis .   a - +2 spear
rCold   . . .      Faith    .   (no shield)
rNeg    . . .      Spirit   .   c - +0 scale mail
rPois   .          Reflect  .   (no helmet)
rElec   .          Harm     .   e - +0 cloak
rCorr   .          Rampage  .   (no gloves)
Will    .....                   (no boots)
Stlth   ..........              (no amulet)
HPRegen 0.17/turn               (no ring)
MPRegen 0.10/turn               (no ring)

@: glowing
A: sense surroundings 1, otherworldly, glowing, explore regen, low MP 1,
devolution 1
a: no special abilities


You were on level 5 of the Dungeon.
You visited 1 branch of the dungeon, and saw 5 of its levels.

You collected 51 gold pieces.

Inventory:

Hand Weapons
 a - a +2 spear (weapon)
 j - a +0 war axe
Armour
 c - a +0 scale mail (worn)
 e - a +0 cloak (worn)
Wands
 i - a wand of iceblast (11)
Scrolls
 b - a scroll of vulnerability
 d - 2 scrolls of teleportation
 h - a scroll of identify {unknown}


   Skills:
 + Level 3.2 Fighting
 + Level 6.9 Polearms
 + Level 5.0 Armour
 + Level 3.4 Dodging
 + Level 1.8 Evocations


You had 5 spell levels left.
You didn't know any spells.
Your spell library contained the following spells:

 Spells                   Type           Power      Damage    Failure   Level
 Conjure Flame            Conj/Fire      0%         6-21      97%         3
 Ignite Poison            Fire/Tmut/Pois 0%         N/A       97%         3
 Anguish                  Hex/Necr       0%         N/A       100%        4
 Sticky Flame             Conj/Fire      0%         2d3       100%        4
 Enfeeble                 Hex            0%         N/A       100%        7


Dungeon Overview and Level Annotations

Branches:
Dungeon (5/15) Zot: 2559
 Temple: D:4-7

Altars:
Uskayaw


Innate Abilities, Weirdness & Mutations

You passively map a small area around you.
You are easily found by Zot.
You glow in the dark.
You regain HP and MP as you explore.
Your magical capacity is low. (-10% MP)
You have hidden genetic defects.


Message History

You closely miss the phantom.
The phantom is almost destroyed.
You hit the phantom.
You destroy the phantom!
Your Fighting skill increases to level 3!
Your Armour skill increases to level 5!
Things that are here:
a +0 war axe; a +0 scale mail; an orc corpse
j - a +0 war axe An orc priest comes into view.
It is wielding a +0 club.
The orc priest shouts!
You hear a shout!
Things that are here:
a +0 scale mail; an orc corpse An orc comes into view.
It is wielding a +0 short sword.
Things that are here:
a +0 scale mail; an orc corpse The orc priest miscasts a cantrip.
You puncture the orc priest!
The orc priest is heavily wounded.
An orc priest comes into view. It is wielding a +0 club.
The orc priest mumbles some strange prayers to Beogh against you.
You struggle to resist.
You hit the orc priest.
The orc priest is severely wounded.
The orc priest miscasts a cantrip.
An orc priest comes into view. It is wielding a +2 vorpal mace.
The orc priest invokes the aid of Beogh against you.
Pain shoots through your body!
* * * LOW HITPOINT WARNING * * *
It was a potion of mutation.
You feel extremely strange.
You feel less energetic.
You feel a hidden malignance growing inside you.
The orc priest shouts!
You feel better. The orc priest hits you with a +0 club.
* * * LOW HITPOINT WARNING * * *
The orc hits you with a +0 short sword.
* * * LOW HITPOINT WARNING * * *
The orc priest invokes the aid of Beogh against you.
Beogh smites you!
You die...

, , , , * ### *+ . #..
...o##################..
...o...@[............'..
*
......oo##############..
........# #.. ........#
#.. ##......# #..
#...(..# ### ########


You could see 3 orc priests and an orc.

Vanquished Creatures
  A black bear (D:5)
  A phantom (D:5)
  A howler monkey (D:5)
  An iguana (D:5)
  An adder (D:2)
  A worm (D:3)
  An orc (D:5)
  A ball python (D:2)
  A giant cockroach (D:4)
  2 hobgoblins (D:3)
  2 jackals (D:5)
  5 kobolds
  2 bats (D:2)
  A frilled lizard (D:1)
  A rat (D:1)
22 creatures vanquished.

Vanquished Creatures (collateral kills)
  An adder (D:4)
  A quokka (D:4)
  A kobold (D:4)
3 creatures vanquished.

Grand Total: 25 creatures vanquished

Notes
Turn   | Place    | Note
-------+----------+-------------------------------------------
     0 | D:1      | runemasterragnar the Meteoran Wanderer began the quest for
                  | the Orb.
     0 | D:1      | runemasterragnar set off with the following items: a +2
                  | spear, a scroll of vulnerability, a +0 scale mail, a scroll
                  | of teleportation.
     0 | D:1      | Reached XP level 1. HP: 16/16 MP: 2/2
   104 | D:2      | Reached XP level 2. HP: 18/23 MP: 3/3
   134 | D:2      | Reached XP level 3. HP: 22/28 MP: 4/4
   229 | D:3      | Found a hide-covered altar of Uskayaw.
   302 | D:5      | Entered Level 5 of the Dungeon
   320 | D:5      | Reached XP level 4. HP: 11/36 MP: 5/5
   385 | D:5      | Reached XP level 5. HP: 35/42 MP: 6/6
   417 | D:5      | Noticed a phantom
   417 | D:5      | Noticed a black bear
   441 | D:5      | Killed a black bear
   442 | D:5      | Reached skill level 1 in Evocations
   442 | D:5      | Reached XP level 6. HP: 23/50 MP: 7/7
   457 | D:5      | Reached skill level 5 in Armour
   466 | D:5      | Gained mutation: Your magical capacity is low. (-10% MP)
                  | [potion of mutation]
   466 | D:5      | Gained mutation: You have hidden genetic defects. [potion
                  | of mutation]
   467 | D:5      | Killed from afar by an orc priest

Illustrated notes

Levels and vault maps discovered:
D:1:      lightli_molten_gateway, layout_basic
D:2:      layout_loops_ring, uniq_natasha
D:3:      layout_basic, mainiacjoe_overflow_concentric_impassable,
          fedhas_altar_1, nicolae_overflow_crystal_walls,
          hellmonk_ecumenical_altar_zigzags, grunt_ministairs_6,
          supply_closet_lemuel
D:4:      minmay_general_purpose_star, layout_rooms, ebering_ghost_sewer_f
D:5:      layout_basic, cheibriados_altar_1, uniq_grinder, uniq_pikel

Skill      XL: |  1  2  3  4  5  6 |
---------------+-------------------+-----
Armour         | 4 5 |  5.0
Dodging        | 2 3 |  3.4
Fighting       | 2 3 |  3.2
Evocations     | 1 |  1.8
Polearms       | |  6.9

Action                   |  1- 3 |  4- 6 || total
-------------------------+-------+-------++-------
Melee: Spear             |    65 |    58 ||   123
       Punch             |     1 |       ||     1
  Use: Scroll            |     1 |       ||     1
       Potion            |       |     3 ||     3
Armor: Scale mail        |    25 |    22 ||    47
Dodge: Dodged            |    21 |    26 ||    47

Table legend: (Time is in decaauts)
 A = Elapsed time spent in this place.
 B = Non-inter-level travel time spent in this place.
 C = Inter-level travel time spent in this place.
 D = Time resting spent in this place.
 E = Time spent auto-exploring this place.
 F = Levels seen in this place.
 G = Mean time per level.
                   A        B        C        D        E       F      G
               +--------+--------+--------+--------+--------+-----+--------+
         Total |    439 |    431 |      8 |      0 |    119 |   5 |   87.8 |
       Dungeon |    439 |    431 |      8 |      0 |    119 |   5 |   87.8 |
               +--------+--------+--------+--------+--------+-----+--------+

Top non-repeatable levels by time:
     D:5: 148 daAuts
     D:2: 111 daAuts
     D:1: 69 daAuts
     D:4: 58 daAuts
     D:3: 50 daAuts
